 Dungeon Crawl Stone Soup version 0.26.0-10-g1f06aea511 (webtiles) character file.

Game seed: 6257882103515967024

93 funkygono the Skirmisher (level 4, 0/50 HPs)
             Began as an Ogre Berserker on Feb 4, 2021.
             Was a Believer of Trog.
             Slain by a hobgoblin (4 damage)
             ... led by Robin
             ... on level 2 of the Dungeon on Feb 6, 2021.
             The game lasted 00:03:07 (2131 turns).

funkygono the Skirmisher (Ogre Berserker)           Turns: 2131, Time: 00:03:07

Health: 0/50       AC:  3    Str: 22    XL:     4   Next: 62%
Magic:  4/4        EV: 10    Int:  8    God:    Trog [**....]
Gold:   44         SH:  0    Dex:  8    Spells: 3/3 levels left

rFire    . . .     SeeInvis .   a - +1 spear
rCold    . . .     Faith    .   (no shield)
rNeg     . . .     Spirit   .   b - +0 animal skin
rPois    .         Reflect  .   (helmet restricted)
rElec    .         Harm     .   (no cloak)
rCorr    .         Rampage  .   (gloves unavailable)
Will     .....                  (boots unavailable)
Stlth    +.........             (no amulet)
HPRegen  0.16/turn              (no ring)
MPRegen  0.09/turn              (no ring)

@: no status effects
A: large, unfitting armour, tough skin 1
a: Renounce Religion, Berserk, Trog's Hand


You were on level 2 of the Dungeon.
You worshipped Trog.
Trog was pleased with you.
You visited 1 branch of the dungeon, and saw 2 of its levels.

You collected 44 gold pieces.

Inventory:

Hand Weapons
 a - a +1 spear (weapon)
Missiles
 k - 4 boomerangs
 l - 11 stones
Armour
 b - a +0 animal skin (worn)
Jewellery
 c - an uncursed ring of protection from cold {unknown}
Scrolls
 e - a scroll of blinking {unknown}
Potions
 d - 2 potions of lignification {unknown}
 f - a potion of invisibility {unknown}
 i - a potion of curing {unknown}


   Skills:
 + Level 5.0 Fighting
 + Level 3.9 Polearms
 + Level 3.5 Dodging
 + Level 0.2 Stealth


You had 3 spell levels left.
You didn't know any spells.
Your spell library was empty.

Dungeon Overview and Level Annotations

Branches:
Dungeon (2/15)

Altars:


Innate Abilities, Weirdness & Mutations

You are too large for most types of armour.
You have tough skin. (AC +1)


Message History

You hit the hobgoblin.
The hobgoblin is almost dead.
The hobgoblin no longer looks unusually strong.
The hobgoblin hits you but does no damage.
You closely miss the hobgoblin.
The hobgoblin is almost dead.
The hobgoblin barely misses you.
You hit the hobgoblin but do no damage.
The hobgoblin is almost dead.
The hobgoblin hits you.
* * * LOW HITPOINT WARNING * * *
You closely miss the hobgoblin.
The hobgoblin is almost dead.
You barely miss the hobgoblin.
The hobgoblin is almost dead.
The hobgoblin closely misses you.
You barely miss the hobgoblin.
The hobgoblin is almost dead.
The hobgoblin hits you.
You die...

###### ###....#
..##.### ######.##.#
#..#.. #...[#g##.#
##..#.# #.##.#@##.#
..#.#.# #.#..#(##.#
#.#...# #.#.##(##.#
#.#...# #.#....##.#
#.#...# #.#######.#
#.#...###.##.^#.#.###
#.[..<....##........#
#####..>##..##.##.#####
......#.##..##)##†#


You could see a hobgoblin.

Vanquished Creatures
  Robin (D:2)
  2 adders (D:2)
  An ooze (D:1)
  2 dart slugs (D:1)
  A leopard gecko (D:1)
  7 bats
  10 goblins
  5 hobgoblins
  7 jackals (D:1)
  6 kobolds
  A quokka (D:2)
  2 ball pythons (D:1)
  2 frilled lizards (D:1)
  2 rats (D:1)
49 creatures vanquished.

Notes
Turn   | Place    | Note
-------+----------+-------------------------------------------
     0 | D:1      | funkygono the Ogre Berserker began the quest for the Orb.
     0 | D:1      | Reached XP level 1. HP: 24/24 MP: 1/1
   109 | D:1      | Reached XP level 2. HP: 29/32 MP: 2/2
   542 | D:1      | Reached XP level 3. HP: 40/40 MP: 3/3
   862 | D:1      | Reached ** piety under Trog
  1537 | D:2      | Reached XP level 4. HP: 38/49 MP: 4/4
  2095 | D:2      | Noticed Robin
  2116 | D:2      | Killed Robin
  2118 | D:2      | Reached skill level 5 in Fighting
  2131 | D:2      | Slain by a hobgoblin

Illustrated notes

Levels and vault maps discovered:
D:1:      psy_arrival_radial01, layout_loops_corners, minmay_bisected
D:2:      layout_basic, patterned_corridor, uniq_robin, uniq_jessica

Skill      XL: |  1  2  3  4 |
---------------+-------------+-----
Dodging        | 3 |  3.5
Fighting       | 5 |  5.0
Polearms       | |  3.9
Stealth        | |  0.2

Action                   |  1- 3 |  4- 6 || total
-------------------------+-------+-------++-------
Melee: Spear             |   135 |    58 ||   193
Invok: Berserk           |     2 |       ||     2
  Use: Scroll            |     4 |       ||     4
Armor: Animal skin       |    40 |    15 ||    55
Dodge: Dodged            |    84 |    30 ||   114
